 Dungeon Crawl Stone Soup version 0.29-a0-1016-g236c7fd91e (webtiles) character file.

Game seed: 11050255638453190555

397 flotson the Sneak (level 6, 0/72 HPs)
             Began as a Demonspawn Delver on Aug 10, 2022.
             Killed by divine providence
             ... invoked by an orc priest
              (10 damage)
             ... on level 4 of the Dungeon.
             The game lasted 00:04:39 (4140 turns).

flotson the Sneak (Demonspawn Delver)               Turns: 4140, Time: 00:04:40

Health: 0/72       AC:  5    Str: 22    XL:     6   Next: 53%
Magic:  6/6        EV: 12    Int: 14    God:
Gold:   215        SH:  0    Dex: 15    Spells: 5/5 levels left

rFire   + . .      SeeInvis .   a - +0 hand axe
rCold   . . .      Faith    .   C - orb {*Rage}
rNeg    . . .      Spirit   .   l - +0 ring mail
rPois   .          Reflect  .   (no helmet)
rElec   .          Harm     .   m - scarf {rC+ rF+}
rCorr   .          Rampage  .   (no gloves)
Will    .....      Rage     20% (no boots)
Stlth   ..........              (no amulet)
HPRegen 0.22/turn               h - +6 ring of strength
MPRegen 0.10/turn               u - ring of the Twisting Queen {Fly rC- Str+2 Int+3}

@: mighty, berserking, flying, hasted, very quick
A: powered by pain 2, spiny 1
a: no special abilities


You were on level 4 of the Dungeon.
You visited 2 branches of the dungeon, and saw 6 of its levels.

You collected 215 gold pieces.

Inventory:

Hand Weapons
 a - a +0 hand axe (weapon)
Missiles
 j - 11 poisoned darts (quivered)
Armour
 l - a +0 ring mail (worn)
 m - a scarf of resistance (worn)
 C - an orb of wrath (worn)
Jewellery
 b - a ring of ice
 h - a +6 ring of strength (left hand)
 u - a ring of the Twisting Queen (right hand) {Fly rC- Str+2 Int+3}
   (You found it on level 2 of the Dungeon)

   [ring of flight]

   Str:       It affects your strength (+2).
   Int:       It affects your intelligence (+3).
   rC:        It makes you vulnerable to cold.
   Fly:       It grants you flight.
 x - a ring of protection from cold
Wands
 g - a wand of digging (3)
Scrolls
 c - a scroll of fog
 d - a scroll of magic mapping
 i - a scroll of enchant weapon {unknown}
 o - a scroll of acquirement {unknown}
 q - 2 scrolls of fear
 r - 2 scrolls of identify {unknown}
 t - 2 scrolls of teleportation {unknown}
 v - a scroll of amnesia {unknown}
 w - a scroll of vulnerability {unknown}
 y - 2 scrolls of enchant armour {unknown}
Potions
 e - a potion of cancellation {unknown}
 k - a potion of lignification {unknown}
 n - 2 potions of brilliance {unknown}
 p - a potion of degeneration {unknown}
 s - a potion of invisibility {unknown}
 z - 2 potions of magic {unknown}
 A - a potion of attraction {unknown}
 B - 2 potions of curing


   Skills:
 + Level 4.2 Fighting
 - Level 1.7 Axes
 + Level 2.3 Throwing
 + Level 2.4 Armour
 + Level 3.2 Dodging
 - Level 4.5 Stealth
 + Level 2.6 Evocations


You had 5 spell levels left.
You didn't know any spells.
Your spell library contained the following spells:

 Spells                   Type           Power      Damage    Failure   Level
 Metabolic Englaciation   Hex/Ice        0%         N/A       100%        5
 Eringya's Noxious Bog    Tmut/Pois      0%         N/A       100%        6
 Simulacrum               Ice/Necr       0%         N/A       100%        6


Dungeon Overview and Level Annotations

Branches:
Dungeon (5/15)             Temple (1/1) D:4

Altars:
Ashenzari
Gozag
Makhleb
Nemelex Xobeh
Qazlal
Uskayaw
Xom

Shops:
D:1 (

Annotations:
D:3 1 runed translucent door, Crazy Yiuf


Innate Abilities, Weirdness & Mutations

You sometimes gain power by taking damage.
You are partially covered in sharp spines.


Message History

You are too injured to fight recklessly!
Unknown command.
You bump into the rock wall.
The orc priest is struck by your spines.
The orc priest barely misses you.
The orc wizard hits you from afar with a +2 spear of freezing!
* * * LOW HITPOINT WARNING * * *
The orc wizard freezes you.
* * * LOW HITPOINT WARNING * * *
You feel better.
The orc wizard hits you from afar with a +2 spear of freezing!
* * * LOW HITPOINT WARNING * * *
You focus on the pain.
You feel very mighty all of a sudden. The orc wizard freezes you.
* * * LOW HITPOINT WARNING * * *
The orc priest invokes the aid of Beogh against you.
You barely resist. You completely miss the orc priest.
The orc priest is severely wounded.
The orc priest hits you with a +0 hand axe.
* * * LOW HITPOINT WARNING * * *
The orc wizard closely misses you.
Okay, then.
Unknown command.
You feel yourself speed up.
The orc wizard mumbles some strange words.
The orc wizard flickers and vanishes!
Deactivating autopickup; reactivate with Ctrl-A.
The orc priest hits you with a +0 hand axe.
* * * LOW HITPOINT WARNING * * *
A red film seems to cover your vision as you go berserk!
You feel yourself moving faster!
You feel mighty!
You hit the orc priest.
The orc priest is almost dead.
You closely miss the orc priest.
The orc priest is almost dead.
Something hits you but does no damage.
The orc priest mumbles some strange prayers to Beogh against you.
Beogh smites you!
You die...

.####..#.# #.##............#.
.......#.# #.##o#..##......##
.####.##.#######.##.##.##<#.....#
.# #.##.........##.##.##.#.....#
.# #.................. ... #...
.# ####.######..... .....#. .#
########.# #.){# ##.###.## .
.........# #o# #. # ########.#
#@# # ########.# #.# ...†..)..#
#.# ########.# #.# # #....# #.# #
#.#### #.# # #.# #.# # #.# ###.##
# #)# ####....##########


You could see an orc priest.

Vanquished Creatures
  Sigmund (D:4)
  An ogre (D:4)
  An iguana (D:4)
  Ijyb (D:4)
  4 adders
  A dart slug (D:3)
  2 orcs (D:4)
  3 bats
  4 endoplasms
  A giant cockroach (D:1)
  2 goblins (D:3)
  5 hobgoblins
  6 jackals
  3 quokkas
  7 ball pythons
  2 frilled lizards
  6 kobolds
  3 rats
  A spectral hobgoblin (D:1)
54 creatures vanquished.

Notes
Turn   | Place    | Note
-------+----------+-------------------------------------------
     0 | D:5      | flotson the Demonspawn Delver began the quest for the Orb.
     0 | D:5      | Reached XP level 1. HP: 18/18 MP: 1/1
    11 | D:5      | Noticed a scorpion
    45 | D:4      | Noticed a scorpion
   371 | D:1      | Gained mutation: You sometimes gain a little power by
                  | taking damage. [demonic ancestry]
   371 | D:1      | Reached XP level 2. HP: 24/24 MP: 2/2
   523 | D:1      | Found Xuxytu Qece's Antique Weapon Shop.
   937 | D:1      | Found a faded altar of an unknown god.
   947 | D:1      | Reached skill level 1 in Evocations
  1270 | D:2      | Gained mutation: You sometimes gain power by taking damage.
                  | [demonic ancestry]
  1270 | D:2      | Reached XP level 3. HP: 26/29 MP: 3/3
  1386 | D:2      | Identified a ring of the Twisting Queen {Fly rC- Str+2
                  | Int+3}
  1506 | D:2      | Found a stormy altar of Qazlal.
  1537 | D:2      | Reached skill level 1 in Armour
  1743 | D:2      | Reached skill level 1 in Throwing
  1852 | D:2      | Got Sif Muna's Folio of Pestilence and Hypothermia
  2681 | D:3      | Found a runed translucent door.
  2682 | D:3      | Noticed Crazy Yiuf
  2721 | D:3      | Reached XP level 4. HP: 26/35 MP: 4/4
  3207 | D:4      | Noticed an ogre
  3220 | D:4      | Killed an ogre
  3221 | D:4      | Gained mutation: You are partially covered in sharp spines.
                  | [demonic ancestry]
  3221 | D:4      | Reached XP level 5. HP: 5/42 MP: 5/5
  3414 | D:4      | Noticed Ijyb
  3422 | D:4      | Paralysed by Ijyb for 5 turns
  3431 | D:4      | Killed Ijyb
  3863 | D:4      | Found a staircase to the Ecumenical Temple.
  3863 | D:4      | Noticed Sigmund
  3880 | D:4      | Killed Sigmund
  3881 | D:4      | Reached XP level 6. HP: 17/48 MP: 6/6
  3886 | Temple   | Entered the Ecumenical Temple
  4140 | D:4      | Killed from afar by an orc priest

Illustrated notes

Levels and vault maps discovered:
D:1:      scummos_arrival_simple_crosswalls, layout_loops_ring,
          dreamdust_ecumenical_altar_drowned_temple, serial_shops, shop,
          minmay_misc_feat_roman
D:2:      layout_basic, basic_altar, nrook_mini_backslash
D:3:      layout_loops_ring, mainiacjoe_overflow_concentric_impassable,
          kennysheep_generic_room_4, uniq_crazy_yiuf_cottage
D:4:      layout_loops_ring, minmay_temple_entry_stoned_glass,
          gup_sewer_entry_bowl, hangedman_decor_points,
          ebering_dispersal_statue_hall, uniq_ijyb, uniq_sigmund, uniq_eustachio
D:5:      minmay_polygon_palace, layout_basic, lemuel_tele_altar,
          lemuel_doored_altar, uniq_grinder, uniq_blork_the_orc
Temple:   hellmonk_temple_micro_hex

Skill      XL: |  1  2  3  4  5 |
---------------+----------------+-----
Dodging        | 2 3 |  3.2
Evocations     | 1 2 |  2.6
Armour         | 1 2 |  2.4
Throwing       | 1 2 |  2.3
Fighting       | 4 |  4.2
Axes           | |  1.7
Stealth        | |  4.5

Action                   |  1- 3 |  4- 6 || total
-------------------------+-------+-------++-------
Melee: Hand axe          |   128 |    45 ||   173
Throw: Dart              |       |     5 ||     5
  Use: Scroll            |     1 |       ||     1
       Potion            |       |     2 ||     2
 Stab: Sleeping          |    13 |       ||    13
Armor: Leather armour    |    11 |       ||    11
       Ring mail         |    48 |    10 ||    58
Dodge: Dodged            |   103 |    13 ||   116

Table legend: (Time is in decaauts)
 A = Elapsed time spent in this place.
 B = Non-inter-level travel time spent in this place.
 C = Inter-level travel time spent in this place.
 D = Time resting spent in this place.
 E = Time spent auto-exploring this place.
 F = Levels seen in this place.
 G = Mean time per level.
                   A        B        C        D        E       F      G
               +--------+--------+--------+--------+--------+-----+--------+
         Total |   4224 |   4104 |    120 |      0 |   3501 |   6 |  704.0 |
       Dungeon |   4209 |   4097 |    112 |      0 |   3501 |   5 |  841.8 |
        Temple |     14 |      7 |      7 |      0 |      0 |   1 |   14.0 |
               +--------+--------+--------+--------+--------+-----+--------+

Top non-repeatable levels by time:
     D:2: 1271 daAuts
     D:4: 1182 daAuts
     D:1: 869 daAuts
     D:3: 842 daAuts
     D:5: 43 daAuts
  Temple: 14 daAuts
